 Dungeon Crawl Stone Soup version 0.28-a0-687-gb91baff9cc (webtiles) character file.

Game seed: 13014428064758429165

62 acebull12 the Magician (level 4, 0/32 HPs)
             Began as a Djinni Air Elementalist on Oct 20, 2021.
             Was an Initiate of Gozag.
             Slain by a hobgoblin (5 damage)
             ... on level 3 of the Dungeon.
             The game lasted 00:06:08 (2551 turns).

acebull12 the Magician (Djinni Air Elementalist)    Turns: 2551, Time: 00:06:09

Health: 0/32       AC:  2    Str:  7    XL:     4   Next: 28%
Gold:   270        EV: 12    Int: 17    God:    Gozag SH:  0 Dex: 14

rFire   + + .      SeeInvis .   j - +1 short sword (venom)
rCold   x . .      Faith    .   (no shield)
rNeg    . . .      Spirit   .   a - +0 robe
rPois   ∞          Reflect  .   (no helmet)
rElec   .          Harm     .   (no cloak)
rCorr   .          Rampage  .   (no gloves)
Will    .....                   (boots unavailable)
Stlth   ++........              (no amulet)
HPRegen 0.10/turn               (no ring)
MPRegen 0.00/turn               (no ring)

@: flying
A: sickness immunity, fire resistance 2, cold vulnerability 1, float, innate
caster, hp casting, extra vitality 1
a: Renounce Religion, Potion Petition, Call Merchant, Bribe Branch


You were on level 3 of the Dungeon.
You worshipped Gozag.
Gozag was aware of your devotion.
You visited 1 branch of the dungeon, and saw 3 of its levels.

You collected 270 gold pieces.

Inventory:

Hand Weapons
 j - a +1 short sword of venom (weapon)
Missiles
 e - 52 stones
Armour
 a - a +0 robe (worn)
Jewellery
 b - a ring of fire
Scrolls
 c - 2 scrolls of identify {unknown}
 d - 2 scrolls of enchant weapon {unknown}
 h - a scroll of amnesia {unknown}
 l - 2 scrolls of vulnerability {unknown}
 m - a scroll of fog {unknown}
Potions
 f - 2 potions of invisibility {unknown}
 g - a potion of mutation {unknown}
 i - a potion of degeneration {unknown}
 k - 3 potions of curing {unknown}


   Skills:
 * Level 1.1 Fighting
 + Level 2.4 Dodging
 - Level 1.6 Stealth
 + Level 3.4 Spellcasting


You couldn't memorise any spells.
You knew the following spells:

 Your Spells              Type           Power      Damage    Failure   Level
a - Shock                 Conj/Air       56%        1d6       4%          1
b - Static Discharge      Conj/Air       14%        N/A       6%          2
c - Swiftness             Air            14%        N/A       12%         3
d - Airstrike             Air            7%         N/A       36%         4
e - Sting                 Tmut/Pois      56%        1d5       4%          1
Your spell library was empty.

Dungeon Overview and Level Annotations

Branches:
Dungeon (3/15)

Altars:
Gozag


Innate Abilities, Weirdness & Mutations

You are immune to sickness and miasma.
You are immune to poison.
Your flesh is very heat resistant. (rF++)
You are vulnerable to cold. (rC-)
You float through the air rather than walking.
You learn spells naturally, not from books.
Your magical power is your life essence.
You have superior vitality. (+4 HP)


Message History

The adder barely misses you. The adder closely misses you. The adder bites you.
Found a yellow potion.
The adder bites you.
An endoplasm comes into view.
A hobgoblin comes into view.
The hobgoblin shouts!
The adder closely misses you. The adder bites you.
The adder closely misses you.
The endoplasm quivers.
You hit the adder.
The adder is poisoned.
The adder is lightly wounded.
The adder bites you. The adder bites you but does no damage.
The adder bites you. The endoplasm freezes you.
You are frozen.
You feel a terrible chill! The adder completely misses you.
The endoplasm freezes you.
You are frozen.
You feel a terrible chill! The hobgoblin barely misses you.
The adder completely misses you. The endoplasm hits you.
The hobgoblin closely misses you.
There are monsters nearby!
The adder misses you. The endoplasm barely misses you.
The adder completely misses you.
You hit the endoplasm.
The endoplasm is moderately wounded.
The endoplasm misses you. The hobgoblin barely misses you.
The adder misses you.
You hit the endoplasm.
The endoplasm is poisoned.
The endoplasm is severely wounded.
The endoplasm barely misses you. The adder completely misses you.
The hobgoblin hits you. The endoplasm freezes you.
You are frozen.
You feel a terrible chill!
* * * LOW HITPOINT WARNING * * *
You closely miss the hobgoblin. The adder bites you but does no damage.
The hobgoblin hits you.
You die...
Your body crumbles into a pile of gold.

######### ####
.........# #..
####..........# #.#
...#..........####.#
...# ..............#
...# #.........@g.#
...####.........JS.##
................!...+
................#..##
...................#
.....................
......................
......................
.....................##


You could see an adder (poisoned), an endoplasm (very poisoned) and a hobgoblin.

Vanquished Creatures
  An adder (D:3)
  A worm (D:2)
  3 dart slugs
  6 endoplasms
  A giant cockroach (D:1)
  4 goblins
  5 hobgoblins
  3 quokkas
  3 ball pythons
  3 bats
  4 frilled lizards
  3 kobolds
  7 rats
44 creatures vanquished.

Vanquished Creatures (others)
  2 demonic plants (D:1)
2 creatures vanquished.

Grand Total: 46 creatures vanquished

Notes
Turn   | Place    | Note
-------+----------+-------------------------------------------
     0 | D:1      | acebull12 the Djinni Air Elementalist began the quest for
                  | the Orb.
     0 | D:1      | Reached XP level 1. HP: 15/15 MP: 0/0
   209 | D:1      | Reached XP level 2. HP: 17/21 MP: 0/0
   551 | D:1      | Found a faded altar of an unknown god.
   551 | D:1      | Noticed a crimson imp
   618 | D:1      | Prayed at the altar of an unknown god.
   618 | D:1      | Became a worshipper of Gozag Ym Sagoz the Greedy
   740 | D:1      | Reached skill level 3 in Spellcasting
   740 | D:1      | Reached XP level 3. HP: 20/26 MP: 0/0
   740 | D:1      | Learned a level 1 spell: Sting
  2218 | D:2      | Reached XP level 4. HP: 30/31 MP: 0/0
  2341 | D:3      | Reached skill level 1 in Fighting
  2551 | D:3      | Slain by a hobgoblin

Illustrated notes

Levels and vault maps discovered:
D:1:      minmay_arrival_arboretum_small, layout_loops_ring,
          dreamdust_ecumenical_altar_sealed_demon, roderic_roman_lattice
D:2:      layout_rooms
D:3:      minmay_inner_zag, layout_basic, serial_glass, glass_columns_b,
          glass_columns_b, serial_shops, shop, minmay_misc_feat_doors

Skill      XL: |  1  2  3  4 |
---------------+-------------+-----
Spellcasting   | 3 |  3.4
Fighting       | 1 |  1.1
Dodging        | |  2.4
Stealth        | |  1.6

Action                   |  1- 3 |  4- 6 || total
-------------------------+-------+-------++-------
Melee: Short sword       |       |     4 ||     4
 Cast: Shock             |    81 |    10 ||    91
       Sting             |     1 |       ||     1
Armor: Robe              |     1 |     2 ||     3
Dodge: Dodged            |     4 |    24 ||    28

Table legend: (Time is in decaauts)
 A = Elapsed time spent in this place.
 B = Non-inter-level travel time spent in this place.
 C = Inter-level travel time spent in this place.
 D = Time resting spent in this place.
 E = Time spent auto-exploring this place.
 F = Levels seen in this place.
 G = Mean time per level.
                   A        B        C        D        E       F      G
               +--------+--------+--------+--------+--------+-----+--------+
         Total |   2551 |   2484 |     67 |    171 |   2034 |   3 |  850.3 |
       Dungeon |   2551 |   2484 |     67 |    171 |   2034 |   3 |  850.3 |
               +--------+--------+--------+--------+--------+-----+--------+

Top non-repeatable levels by time:
     D:1: 1449 daAuts
     D:2: 883 daAuts
     D:3: 218 daAuts
